 Dungeon Crawl Stone Soup version 0.19.5 (console) character file.

72 Grinner the Ducker (level 4, -1/22 HPs)
             Began as a Spriggan Gladiator on Mar 6, 2017.
             Killed from afar by an orc wizard (10 damage)
             ... with a puff of flame
             ... on level 3 of the Dungeon.
             The game lasted 00:04:59 (2191 turns).

Grinner the Ducker (Spriggan Gladiator)             Turns: 2191, Time: 00:04:59

Health: -1/22      AC:  5    Str: 11    XL:     4   Next: 6%
Magic:  5/5        EV: 21    Int: 12    God:
Gold:   80         SH:  0    Dex: 17    Spells: 0 memorised, 3 levels left

rFire  . . .     SeeInvis +     m - +0 falchion
rCold  . . .     Gourm    .     b - +0 robe
rNeg   . . .     Faith    .     (shield restricted)
rPois  .         Spirit   .     c - +0 hat
rElec  .         Reflect  .     (no cloak)
rCorr  .         Harm     .     (gloves unavailable)
MR     .....                    (boots unavailable)
Stlth  ++........               (no amulet)
                                l - +3 ring of protection
                                n - +3 ring of intelligence

@: very quick
A: unfitting armour, see invisible, herbivore 3, speed 3, slow metabolism 2
a: no special abilities


You were on level 3 of the Dungeon.
You were not hungry.

You visited 1 branch of the dungeon, and saw 3 of its levels.

You collected 80 gold pieces.

Inventory:

Hand Weapons
 a - a +0 long sword
 m - a +0 falchion (weapon)
Missiles
 d - 3 throwing nets (quivered)
Armour
 b - a +0 robe (worn)
 c - a +0 hat (worn)
Jewellery
 l - a +3 ring of protection (right hand)
 n - a +3 ring of intelligence (left hand)
Wands
 q - a wand of teleportation (3/9)
 s - a wand of flame (9/48)
Scrolls
 e - a scroll of teleportation
 j - a scroll of immolation {unknown}
 k - a scroll of magic mapping
 r - a scroll of noise {unknown}
 t - a scroll of identify
Potions
 g - a potion of cancellation
 h - 2 potions of agility {unknown}
 i - 2 potions of lignification
 p - a potion of curing {unknown}
Comestibles
 f - a bread ration
 o - a slice of pizza


   Skills:
 - Level 1.5 Fighting
 * Level 3.3 Long Blades
 - Level 2.0 Throwing
 + Level 5.3 Dodging
 + Level 2.9 Stealth


You had 3 spell levels left.
You didn't know any spells.

Dungeon Overview and Level Annotations

Branches:
Dungeon (3/15)

Altars:
Kikubaaqudgha


Innate Abilities, Weirdness & Mutations

You are very small and have problems with some larger weapons.
You are too small for most types of armour.
You have supernaturally acute eyesight. (SInv)
You are a herbivore.
You cover ground extremely quickly.
You need consume almost no food.


Message History

Evoke which item? (* to show all) (? for menu, Esc to quit)
Zapping:
s - a wand of flame (will waste charges)
Press: ? - help, Shift-Dir - straight line, f - orc wizard
Aim: an orc wizard, wielding a dagger and wearing a robe (hasn't noticed you)
The puff of flame hits the orc wizard.
The orc wizard is heavily wounded.
The orc wizard shouts!
Evoking this partially-identified wand wasted a few charges.
The orc wizard casts a spell at you. The magic dart hits you!
Evoke which item? (* to show all) (? for menu, Esc to quit)
Zapping:
s - a wand of flame {zapped: 2} (will waste charges)
Press: ? - help, Shift-Dir - straight line, f/p - orc wizard
Aim: an orc wizard, wielding a dagger and wearing a robe (heavily wounded)
The puff of flame hits the orc wizard.
The orc wizard is severely wounded.
Evoking this partially-identified wand wasted a few charges.
The orc wizard points at you and mumbles some strange words.
The puff of flame hits you!
You die...

#.#.####.......#
...............#
##.#.###.......#
#.#.###.......#
#....##.......#
#.##.#..##.......#
#..........#######
######.#### #@#
#.#


oo. #..o# #.... ###### You could see an orc wizard and 2 orcs.

Vanquished Creatures
  3 adders
  2 worms
  2 dart slugs
  A leopard gecko (D:3)
  An orc (D:3)
  6 goblins
  2 hobgoblins
  A jackal (D:2)
  5 kobolds
  3 bats (D:1)
  4 frilled lizards
  8 rats
38 creatures vanquished.

Notes
Turn   | Place    | Note
-------+----------+-------------------------------------------
     0 | D:1      | Grinner the Spriggan Gladiator began the quest for the Orb.
     0 | D:1      | Reached XP level 1. HP: 10/10 MP: 2/2
   316 | D:1      | Reached skill level 1 in Stealth
   328 | D:1      | Reached XP level 2. HP: 11/14 MP: 3/3
   707 | D:2      | Reached XP level 3. HP: 18/18 MP: 4/4
  1169 | D:2      | Found an ancient bone altar of Kikubaaqudgha.
  1819 | D:3      | Reached skill level 5 in Dodging
  2097 | D:3      | Reached XP level 4. HP: 17/22 MP: 5/5
  2191 | D:3      | Killed from afar by an orc wizard

Skill      XL: |  1  2  3 |
---------------+----------+-----
Stealth        | 1 2 |  2.9
Long Blades    | 3 |  3.3
Dodging        | 5 |  5.3
Fighting       | |  1.5
Throwing       | |  2.0

Action                   |  1- 3 |  4- 6 || total
-------------------------+-------+-------++-------
Melee: Long sword        |    99 |       ||    99
       Falchion          |    13 |     8 ||    21
Throw: Throwing net      |     3 |       ||     3
Evoke: Wand              |       |     2 ||     2
  Use: Scroll            |     7 |       ||     7
 Stab: Sleeping          |     6 |     2 ||     8
Armor: Robe              |    17 |     1 ||    18
Dodge: Dodged            |   107 |     3 ||   110
       Rpst.: Long sword |    26 |       ||    26
       Falchion          |     8 |     1 ||     9
